 Dungeon Crawl Stone Soup version 0.26-a0-1053-gaff5f71418 (webtiles) character file.

Game seed: 16282146767088570700

137 stormannn the Ducker (level 5, 0/28 HPs)
             Began as a Deep Elf Venom Mage on Dec 12, 2020.
             Succumbed to a gnoll's poison
             ... on level 3 of the Dungeon.
             The game lasted 00:02:34 (3052 turns).

stormannn the Ducker (Deep Elf Venom Mage)          Turns: 3052, Time: 00:02:35

Health: 0/28       AC:  4    Str:  5    XL:     5   Next: 0%
Magic:  13/13      EV: 14    Int: 21    God:
Gold:   57         SH:  0    Dex: 15    Spells: 9/12 levels left

rFire    . . .     SeeInvis .   (no weapon)
rCold    + . .     Faith    .   (no shield)
rNeg     . . .     Spirit   .   h - +0 robe {rC+}
rPois    .         Reflect  .   (helmet restricted)
rElec    .         Harm     .   (no cloak)
rCorr    .         Rampage  .   e - +2 pair of gloves
Will     .....     Clarity  +   (no boots)
Stlth    ++........             (no amulet)
HPRegen  0.09/turn              (no ring)
MPRegen  0.13/turn              (no ring)

@: lethally poisoned (0 -> -8), attractive, hasted, very quick
A: horns 1, clarity, deformed body, evolution 1
a: no special abilities


You were on level 3 of the Dungeon.
You visited 1 branch of the dungeon, and saw 3 of its levels.

You collected 57 gold pieces.

Inventory:

Armour
 a - a +0 robe
 e - a +2 pair of gloves (worn)
 h - a +0 robe of cold resistance (worn)
Jewellery
 i - an uncursed ring of ice {unknown}
Scrolls
 d - a scroll of immolation {unknown}
 g - 2 scrolls of identify {unknown}
 j - a scroll of fog {unknown}
 l - 2 scrolls of teleportation {unknown}


   Skills:
 * Level 4.3 Dodging
 - Level 2.4 Stealth
 + Level 4.1 Spellcasting
 + Level 2.4 Transmutations
 + Level 4.0 Poison Magic


You had 9 spell levels left.
You knew the following spells:

 Your Spells              Type           Power        Failure   Level
a - Sting                 Tmut/Pois      ###.         3%          1
b - Poisonous Vapours     Pois/Air       ##....       8%          2

Your spell library contained the following spells:

 Spells                   Type           Power        Failure   Level
 Ignite Poison            Fire/Tmut/Pois ##......     14%         3
 Mephitic Cloud           Conj/Pois/Air  ##......     21%         3
 Olgreb's Toxic Radiance  Pois           ###.....     22%         4


Dungeon Overview and Level Annotations

Branches:
Dungeon (3/15)

Altars:

Annotations:
D:3 Grinder


Innate Abilities, Weirdness & Mutations

You have a pair of small horns on your head.
You possess an exceptional clarity of mind.
Armour fits poorly on your strangely shaped body.
You evolve.


Message History

* * * LOW HITPOINT WARNING * * *
You are lethally poisoned!
* * * LOW HITPOINT WARNING * * *
You feel sick.
It was a potion of haste.
You feel yourself speed up.
* * * LOW HITPOINT WARNING * * *
You feel sick. The gnoll closely misses you.
It was a potion of attraction.
You feel attractive to monsters.
* * * LOW HITPOINT WARNING * * *
You feel sick. The gnoll completely misses you. Grinder is pulled toward you!
The gnoll is pulled toward you!
Unknown command.
It was a potion of magic.
Magic courses through your body. Grinder is pulled toward you!
It was a potion of mutation.
You feel extremely strange.
Your thoughts seem clearer.
A pair of horns grows on your head!
Your body twists and deforms.
You feel nature experimenting on you.
Don't worry, failures die fast.
You die...

######.#####.#########
÷[...§.### #.#
#........# #..
#..#..##.......
..###.# ###########
### #.## #.....# #
#..######.....#
######........5...#
....[..........g@.#
#############.....#
#.....# #.....#
#######


You could see Grinder and a gnoll (poisoned).

Vanquished Creatures
  Natasha (twice) (D:3)
  3 gnolls (D:3)
  2 adders (D:2)
  2 oozes (D:1)
  A worm (D:2)
  2 dart slugs
  A goblin (D:1)
  4 hobgoblins
  A quokka (D:3)
  8 bats
  3 kobolds
  3 rats
32 creatures vanquished.

Notes
Turn   | Place    | Note
-------+----------+-------------------------------------------
     0 | D:1      | stormannn the Deep Elf Venom Mage began the quest for the
                  | Orb.
     0 | D:1      | Reached XP level 1. HP: 10/10 MP: 6/6
   253 | D:1      | Reached XP level 2. HP: 8/15 MP: 1/8
  1333 | D:2      | Reached XP level 3. HP: 10/19 MP: 6/9
  2056 | D:2      | Learned a level 2 spell: Poisonous Vapours
  2599 | D:3      | Noticed Natasha
  2605 | D:3      | Killed Natasha
  2606 | D:3      | Reached XP level 4. HP: 24/24 MP: 6/11
  2609 | D:3      | Noticed Natasha
  2626 | D:3      | Killed Natasha
  3013 | D:3      | Noticed Grinder
  3033 | D:3      | Reached XP level 5. HP: 5/28 MP: 2/13
  3050 | D:3      | HP: 1/28 [poisoned by a gnoll]
  3052 | D:3      | Gained mutation: You possess an exceptional clarity of
                  | mind. [potion of mutation]
  3052 | D:3      | Gained mutation: You have a pair of small horns on your
                  | head. [potion of mutation]
  3052 | D:3      | Gained mutation: Armour fits poorly on your strangely
                  | shaped body. [potion of mutation]
  3052 | D:3      | Gained mutation: You evolve. [potion of mutation]
  3052 | D:3      | Succumbed to a gnoll's poison

Illustrated notes

Levels and vault maps discovered:
D:1:      tarquinn_simple_flora_water_c, layout_basic
D:2:      layout_basic
D:3:      layout_rooms, elyvilon_altar_1, uniq_ijyb, uniq_grinder, uniq_natasha

Skill      XL: |  1  2  3  4 |
---------------+-------------+-----
Dodging        | 3 4 |  4.3
Transmutations | 2 |  2.4
Spellcasting   | 4 |  4.1
Poison Magic   | 4 |  4.0
Stealth        | |  2.4

Action                   |  1- 3 |  4- 6 || total
-------------------------+-------+-------++-------
Melee: Unarmed           |     5 |       ||     5
 Cast: Sting             |    71 |    21 ||    92
  Use: Potion            |       |     4 ||     4
Armor: Robe              |    12 |     3 ||    15
Dodge: Dodged            |    42 |     9 ||    51

Table legend: (Time is in decaauts)
 A = Elapsed time spent in this place.
 B = Non-inter-level travel time spent in this place.
 C = Inter-level travel time spent in this place.
 D = Time resting spent in this place.
 E = Time spent auto-exploring this place.
 F = Levels seen in this place.
 G = Mean time per level.
                   A        B        C        D        E       F      G
               +--------+--------+--------+--------+--------+-----+--------+
         Total |   3056 |   2980 |     76 |   1383 |   1269 |   3 | 1018.7 |
       Dungeon |   3056 |   2980 |     76 |   1383 |   1269 |   3 | 1018.7 |
               +--------+--------+--------+--------+--------+-----+--------+

Top non-repeatable levels by time:
     D:2: 1623 daAuts
     D:1: 945 daAuts
     D:3: 487 daAuts
